 Dungeon Sprint DCSS version 0.30-a0-34-gbe8da3892a (webtiles) character file.

Game seed: 5249043016900096492

1941 mhtbhm the Earth Mage (level 9, -14/49 HPs)
             Began as a Gargoyle Earth Elementalist on Aug 28, 2022.
             Was a Believer of Vehumet.
             Demolished by an earth elemental (35 damage)
             ... in the Dungeon (Sprint III: "The Ten Rune Challenge").
             The game lasted 00:04:03 (1884 turns).

mhtbhm the Earth Mage (Gargoyle Earth Elementalist) Turns: 1884, Time: 00:04:03

Health: -14/49     AC:  8    Str: 12    XL:     9   Next: 18%
Magic:  11/24      EV: 13    Int: 20    God:    Vehumet [**....]
Gold:   36         SH:  0    Dex: 10    Spells: 19/31 levels left

rFire   . . .      SeeInvis .      - Unarmed
rCold   . . .      Faith    .    (no shield)
rNeg    + . .      Spirit   .    a - +0 robe
rPois   ∞          Reflect  .    (no helmet)
rElec   +          Harm     .    (no cloak)
rCorr   .          Rampage  .    (no gloves)
Will    .....      NoTele   +    (no boots)
Stlth   +++.......               (no amulet)
HPRegen 0.16/turn                (no ring)
MPRegen 0.19/turn                (no ring)

@: no status effects
A: sickness immunity, AC +6, negative energy resistance 1, electricity
resistance, torment resistance 1, petrification resistance
a: Renounce Religion


You were in the Dungeon.
You worshipped Vehumet.
Vehumet was pleased with you.
You visited 1 branch You collected 36 gold pieces.

Inventory:

Armour
 a - a +0 robe (worn)
Scrolls
 c - 2 scrolls of poison {unknown}
 i - a scroll of torment {unknown}
 j - a scroll of identify {unknown}
Potions
 b - 3 potions of magic
 d - a potion of attraction {unknown}
 e - a potion of berserk rage
 f - 2 potions of flight {unknown}
 g - a potion of heal wounds
 h - 5 potions of mutation
Miscellaneous
 k - a condenser vane


   Skills:
 + Level 2.9 Fighting
 + Level 5.2 Dodging
 + Level 5.2 Stealth
 + Level 3.5 Unarmed Combat
 + Level 11.6 Spellcasting
 + Level 3.5 Conjurations
 + Level 1.2 Transmutations
 + Level 15.4 Earth Magic


You had 19 spell levels left.
You knew the following spells:

 Your Spells              Type           Power      Damage    Failure   Level
a - Sandblast             Erth           100%       2d20      0%          1
b - Passwall              Tmut/Erth      37%        N/A       1%          2
c - Stone Arrow           Conj/Erth      98%        3d13      1%          3
d - Petrify               Tmut/Erth      45%        N/A       1%          4
e - Wereblood             Tmut           16%        N/A       5%          2

Your spell library contained the following spells:

 Spells                   Type           Power      Damage    Failure   Level
 Poisonous Vapours        Pois/Air       22%        N/A       9%          2
 Confusing Touch          Hex            11%        N/A       17%         3
 Yara's Violent Unravell  Hex/Tmut       7%         3d5       77%         5
 Enfeeble                 Hex            5%         N/A       100%        7
 Summon Hydra             Summ           5%         N/A       100%        7
 Sublimation of Blood     Necr           Unusable   N/A       N/A         2

Dungeon Overview and Level Annotations

Branches:
Dungeon (1/1)

Altars:
Cheibriados
Dithmenos
Elyvilon
Fedhas
Gozag
Hepliaklqana
Kikubaaqudgha
Makhleb
Nemelex Xobeh
Okawaru
Qazlal
Ru
Sif Muna
Trog
Uskayaw
Vehumet
Wu Jian
Xom
Yredelemnul
Zin
The Shining One
Jiyva
Lugonu


Innate Abilities, Weirdness & Mutations

You are immune to sickness and miasma.
Your stone body is resilient. (AC +6)
You are immune to poison.
You resist negative energy. (rN+)
You are resistant to electric shocks. (rElec)
You are resistant to unholy torment.
You are immune to petrification.


Message History

Unknown command.
Casting: Sandblast (safe; 0% risk of failure)
Confirm with . or Enter, or press ? or * to list all spells.
Aiming: Stone Arrow (safe; 1% risk of failure)
Press: ? - help, Shift-Dir - straight line, f/p - earth elemental
Aim: an earth elemental (lightly damaged, 95% to hit)
The stone arrow hits the earth elemental!
The earth elemental is moderately damaged.
The earth elemental hits you!!
Ouch! That really hurt!
Unknown command.
Casting: Stone Arrow (safe; 1% risk of failure)
Confirm with . or Enter, or press ? or * to list all spells.
Aiming: Stone Arrow (safe; 1% risk of failure)
Press: ? - help, Shift-Dir - straight line, f/p - earth elemental
Aim: an earth elemental (moderately damaged, 95% to hit)
The stone arrow hits the earth elemental!
The earth elemental is heavily damaged.
Unknown command.
Unknown command.
Casting: Stone Arrow (safe; 1% risk of failure)
Confirm with . or Enter, or press ? or * to list all spells.
Aiming: Stone Arrow (safe; 1% risk of failure)
Press: ? - help, Shift-Dir - straight line, f/p - earth elemental
Aim: an earth elemental (heavily damaged, 95% to hit)
The stone arrow hits the earth elemental!
The earth elemental is severely damaged.
The earth elemental barely misses you.
Unknown command.
Unknown command.
Casting: Stone Arrow (safe; 1% risk of failure)
Confirm with . or Enter, or press ? or * to list all spells.
Aiming: Stone Arrow (safe; 1% risk of failure)
Press: ? - help, Shift-Dir - straight line, f/p - earth elemental
Aim: an earth elemental (severely damaged, 95% to hit)
The stone arrow hits the earth elemental!
The earth elemental is almost destroyed.
The earth elemental hits you!!
Ouch! That really hurt!
You die...

###########
___#___#__#
...#__)#._#
##)#'###)##
..........#
.⌠........#
)..######'#
.⌠.#__#...#+#######
...#__#...#..~~~@.#
)###__#...#.#§§§#E#
...#__#...'.#§§§#.#
___#__'...#.#..§#..
▓▓▓▓▓▓▓▓▓▓▓▓▓▓▓▓▓▓▓▓


You could see an earth elemental.

Vanquished Creatures
  Josephine (D)
  A deep elf pyromancer (D)
  A shadow (D)
  A spatial vortex (D)
  A necrophage (D)
  A scorpion (D)
  A water elemental (D)
  A jelly (D)
  A wizard (D)
  A necromancer (D)
  3 humans (D)
  A kobold demonologist (D)
  4 rats (D)
18 creatures vanquished.

Notes
Turn   | Place    | Note
-------+----------+-------------------------------------------
     0 | D        | mhtbhm the Gargoyle Earth Elementalist began the quest for
                  | the Orb.
     0 | D        | Reached XP level 1. HP: 10/10 MP: 3/3
     8 | D        | Reached skill level 4 in Earth Magic
    84 | D        | Noticed a scorpion
   117 | D        | Killed a scorpion
   118 | D        | Reached skill level 1 in Unarmed Combat
   118 | D        | Reached skill level 7 in Earth Magic
   118 | D        | Reached XP level 2. HP: 2/15 MP: 1/6
   118 | D        | Reached XP level 3. HP: 3/19 MP: 1/8
   118 | D        | Reached XP level 4. HP: 4/24 MP: 1/9
   373 | D        | Learned a level 2 spell: Passwall
   377 | D        | Learned a level 3 spell: Stone Arrow
   382 | D        | Learned a level 4 spell: Petrify
   577 | D        | Noticed a water elemental
   584 | D        | Killed a water elemental
   585 | D        | Reached skill level 9 in Earth Magic
   585 | D        | Reached XP level 5. HP: 5/28 MP: 3/12
   842 | D        | Found a radiant altar of Vehumet.
   842 | D        | Found a shimmering blue altar of Sif Muna.
   842 | D        | Found an ancient bone altar of Kikubaaqudgha.
   845 | D        | Reached skill level 5 in Spellcasting
   857 | D        | Became a worshipper of Vehumet
   929 | D        | Learned a level 2 spell: Wereblood
   938 | D        | Found a basalt altar of Yredelemnul.
   938 | D        | Found a shadowy altar of Dithmenos.
   938 | D        | Found a sacrificial altar of Ru.
   940 | D        | Reached skill level 10 in Earth Magic
   944 | D        | Reached XP level 6. HP: 28/33 MP: 7/15
  1006 | D        | Found a glowing silver altar of Zin.
  1006 | D        | Found a glowing golden altar of the Shining One.
  1006 | D        | Found a white marble altar of Elyvilon.
  1006 | D        | Noticed a deep elf pyromancer
  1011 | D        | Killed a deep elf pyromancer
  1011 | D        | Reached * piety under Vehumet
  1011 | D        | Offered knowledge of Magic Dart by Vehumet.
  1012 | D        | Reached skill level 1 in Fighting
  1012 | D        | Reached skill level 1 in Conjurations
  1012 | D        | Reached skill level 13 in Earth Magic
  1012 | D        | Reached XP level 7. HP: 14/39 MP: 4/19
  1206 | D        | Found a hide-covered altar of Uskayaw.
  1206 | D        | Found an iron altar of Okawaru.
  1206 | D        | Found a bloodstained altar of Trog.
  1206 | D        | Found an ornate altar of the Wu Jian Council.
  1206 | D        | Noticed a human
  1206 | D        | Noticed a human
  1210 | D        | Killed a human
  1211 | D        | Reached skill level 5 in Stealth
  1211 | D        | Reached skill level 1 in Transmutations
  1211 | D        | Reached XP level 8. HP: 44/44 MP: 8/21
  1517 | D        | Noticed a shadow
  1523 | D        | Killed a shadow
  1524 | D        | Reached skill level 10 in Spellcasting
  1524 | D        | Reached skill level 14 in Earth Magic
  1530 | D        | Reached ** piety under Vehumet
  1530 | D        | Offered knowledge of Poisonous Vapours by Vehumet.
  1770 | D        | Found a blossoming altar of Fedhas.
  1770 | D        | Found a stormy altar of Qazlal.
  1770 | D        | Found a snail-covered altar of Cheibriados.
  1770 | D        | Found a burning altar of Makhleb.
  1770 | D        | Found a shimmering altar of Xom.
  1771 | D        | Found a hazy altar of Hepliaklqana.
  1771 | D        | Found an opulent altar of Gozag.
  1771 | D        | Found a sparkling altar of Nemelex Xobeh.
  1771 | D        | Found a corrupted altar of Lugonu.
  1771 | D        | Found a viscous altar of Jiyva.
  1779 | D        | Reached skill level 5 in Dodging
  1811 | D        | Noticed Josephine
  1815 | D        | Killed Josephine
  1816 | D        | Reached skill level 15 in Earth Magic
  1816 | D        | Reached XP level 9. HP: 39/49 MP: 17/24
  1884 | D        | Demolished by an earth elemental

Illustrated notes

Levels and vault maps discovered:
D:        dungeon_sprint_mu [sprint_mu_entry_cave, sprint_mu_temple_rooms,
          sprint_mu_d1_horrors, sprint_mu_d2_genie, sprint_mu_d3_branching,
          sprint_mu_orc_legion, sprint_mu_elf_gauntlet, sprint_mu_hive_nellie,
          sprint_mu_lair_fedhas, sprint_mu_vaults_butterflies,
          sprint_mu_slime_circle, sprint_mu_swamp_cave, sprint_mu_snake_twists,
          sprint_mu_blade_basic, sprint_mu_crypt_fortress,
          sprint_mu_tomb_spiral, sprint_mu_vestibule_basic,
          sprint_mu_gehenna_hellfire, sprint_mu_dis_giant,
          sprint_mu_tartarus_statrot, sprint_mu_cocytus_islands, sprint_mu_zot1]

Skill      XL: |  1  2  3  4  5  6  7  8 |
---------------+-------------------------+-----
Earth Magic    | 7 9 10 13 15 | 15.4
Dodging        | 3 4 5 |  5.2
Stealth        | 3 4 5 |  5.2
Unarmed Combat | 1 2 3 |  3.5
Spellcasting   | 3 4 6 9 11 | 11.6
Fighting       | 1 2 |  2.9
Conjurations   | 1 3 |  3.5
Transmutations | 1 |  1.2

Action                   |  1- 3 |  4- 6 |  7- 9 || total
-------------------------+-------+-------+-------++-------
Melee: Unarmed           |    10 |       |       ||    10
 Cast: Sandblast         |     7 |    20 |    20 ||    47
       Stone Arrow       |       |     5 |    12 ||    17
       Wereblood         |       |       |     1 ||     1
  Use: Potion            |     3 |       |     1 ||     4
       Scroll            |       |     1 |       ||     1
Armor: Robe              |     1 |       |     3 ||     4
Dodge: Dodged            |     6 |     6 |     8 ||    20

Table legend: (Time is in decaauts)
 A = Elapsed time spent in this place.
 B = Non-inter-level travel time spent in this place.
 C = Inter-level travel time spent in this place.
 D = Time resting spent in this place.
 E = Time spent auto-exploring this place.
 F = Levels seen in this place.
 G = Mean time per level.
                   A        B        C        D        E       F      G
               +--------+--------+--------+--------+--------+-----+--------+
         Total |   1898 |   1898 |      0 |   1297 |    310 |   1 | 1898.0 |
       Dungeon |   1898 |   1898 |      0 |   1297 |    310 |   1 | 1898.0 |
               +--------+--------+--------+--------+--------+-----+--------+

Top non-repeatable levels by time:
       D: 1898 daAuts
